 Dungeon Crawl Stone Soup version 0.21.1-1-g345015f (webtiles) character file.

35 letownia2 the Insei (level 3, 0/26 HPs)
             Began as a Merfolk Transmuter on Mar 20, 2018.
             Killed by nerve-wracking pain
             ... invoked by an orc priest
              (13 damage)
             ... on level 4 of the Dungeon.
             The game lasted 00:02:27 (409 turns).

letownia2 the Insei (Merfolk Transmuter)             Turns: 409, Time: 00:02:28

Health: 0/26       AC:  2    Str: 11    XL:     3   Next: 35%
Magic:  6/6        EV: 13    Int: 12    God:
Gold:   72         SH:  0    Dex: 14    Spells: 0/6 levels left

rFire    . . .     SeeInvis .   k - +2 dagger (venom)
rCold    . . .     Gourm    .   (no shield)
rNeg     . . .     Faith    .   b - +0 robe
rPois    .         Spirit   .   (no helmet)
rElec    .         Reflect  .   (no cloak)
rCorr    .         Harm     .   (no gloves)
MR       .....                  (no boots)
Stlth    +.........             (no amulet)
HPRegen  0.08/turn              (no ring)
MPRegen  0.10/turn              (no ring)

@: no status effects
A: change form in water, swift swim, stealthy swim
a: no special abilities


You were on level 4 of the Dungeon.
You were not hungry.

You visited 1 branch of the dungeon, and saw 4 of its levels.

You collected 72 gold pieces.

Inventory:

Hand Weapons
 k - a +2 dagger of venom (weapon)
Missiles
 a - 12 arrows
Armour
 b - a +0 robe (worn)
 i - a +0 leather armour
Scrolls
 f - a scroll of teleportation {unknown}
 g - a scroll of immolation {unknown}
 h - a scroll of fog {unknown}
 j - a scroll of blinking {unknown}
 l - a scroll of identify {unknown}
Potions
 e - a potion of mutation {unknown}
 m - a potion of resistance {unknown}
Books
 c - a book of Changes

   Spells                             Type                      Level
   a - Beastly Appendage              Transmutation                1
   b - Sticks to Snakes               Transmutation                2
   c - Spider Form                    Transmutation/Poison         3
   d - Ice Form                       Ice/Transmutation            4
   e - Blade Hands                    Transmutation                5
Comestibles
 d - 2 rations


   Skills:
 - Level 1.1 Fighting
 - Level 2.6 Dodging
 + Level 3.9 Unarmed Combat
 - Level 2.0 Spellcasting
 + Level 3.7 Transmutations
 - Level 1.2 Poison Magic


You couldn't memorise any spells.
You knew the following spells:

 Your Spells              Type           Power        Failure   Level  Hunger
a - Beastly Appendage     Tmut           ##....       6%          1    ##.....
l - Sticks to Snakes      Tmut           ##......     9%          2    ###....
p - Spider Form           Tmut/Pois      #.........   30%         3    ####...


Dungeon Overview and Level Annotations

Branches:
Dungeon (4/15)
 Temple: D:4-7

Altars:
Ru


Message History

Your horns disappear.
There is a stone staircase leading up here.
You climb upwards.
Found a spear.
There is a stone staircase leading down here.
Unknown command.
There is a stone staircase leading down here.
You climb downwards.
You hear the hiss of flowing sand.
There is an entrance to an ossuary on this level.
Hurry and find it before the portal is buried!
You hear the sound of rushing water.
There is an entrance to a sewer on this level.
Hurry and find it before the portal rusts away!
There is a stone staircase leading up here.
Found a stone staircase leading down.
An orc priest comes into view. It is wielding a club.
The orc priest shouts!
The orc priest calls down the wrath of Beogh upon you.
Pain shoots through your body!
Ouch! That really hurt!
You die...

#.##.# #.##.#
######.##.#
.......##.#
######.##.# #
#.##.# ..# #.##.#
#####...o
#.##.######.....o..
#>.........@.......
#.#####.###########
#.......# #########


You could see an orc priest and an orc (wandering).

Vanquished Creatures
  A gnoll (D:1)
  A dart slug (D:3)
  An orc (D:3)
  3 bats
  5 goblins
  3 hobgoblins (D:1)
  4 kobolds
  2 frilled lizards (D:1)
  2 rats
22 creatures vanquished.

Notes
Turn   | Place    | Note
-------+----------+-------------------------------------------
     0 | D:1      | letownia2 the Merfolk Transmuter began the quest for the Orb.
     0 | D:1      | Reached XP level 1. HP: 15/15 MP: 3/3
   111 | D:1      | Reached XP level 2. HP: 11/21 MP: 3/5
   189 | D:1      | Reached XP level 3. HP: 6/26 MP: 4/6
   193 | D:1      | Learned a level 2 spell: Sticks to Snakes
   197 | D:1      | Learned a level 3 spell: Spider Form
   277 | D:2      | Found a sacrificial altar of Ru.
   331 | D:3      | Reached skill level 1 in Poison Magic
   409 | D:4      | Killed from afar by an orc priest

Skill      XL: |  1  2  3 |
---------------+----------+-----
Transmutations | 3 |  3.7
Poison Magic   | 1 |  1.2
Fighting       | |  1.1
Dodging        | |  2.6
Unarmed Combat | |  3.9
Spellcasting   | |  2.0

Action                   || total
-------------------------++-------
Melee: Unarmed           ||    52
       Headbutt          ||     3
       Dagger            ||     1
 Cast: Beastly Appendage ||    11
       Spider Form       ||     2
Armor: Robe              ||    13
Dodge: Dodged            ||    35
